 Dungeon Crawl Stone Soup version 0.24-a0-458-gfcb5e6d (webtiles) character file.

Game seed: 12705259534485930488

51 CaptainSheepy the Scratcher (level 3, -1/15 HPs)
             Began as a Felid Transmuter on June 26, 2019.
             Slain by a sky beast (6 damage)
             ... on level 4 of the Dungeon.
             The game lasted 00:12:47 (2078 turns).

CaptainSheepy the Scratcher (Felid Transmuter)      Turns: 2078, Time: 00:12:48

Health: -1/15      AC:  1    Str:  6    XL:     3   Next: 57%
Magic:  6/7        EV: 19    Int: 15    God:
Gold:   133        SH:  0    Dex: 16    Spells: 1/7 levels left
                                        Lives:  0   Deaths: 1

rFire    . . .     SeeInvis +     - Unarmed
rCold    + . .     Gourm    .   (shield unavailable)
rNeg     . . .     Faith    .   (armour unavailable)
rPois    .         Spirit   .   (helmet unavailable)
rElec    .         Reflect  .   (cloak unavailable)
rCorr    .         Harm     .   (gloves unavailable)
MR       .....                  (boots unavailable)
Stlth    ++........             (no amulet)
HPRegen  0.05/turn              i - ring of protection from cold
MPRegen  0.10/turn              (no ring)

@: appendage, quick
A: very small, no armour, no weapons or thrown items, stealth, claws 1, fangs 3,
horns 2, see invisible, carnivore, speed 1, shaggy fur 1, slow metabolism 1,
sharp paws
a: End Transformation


You were on level 4 of the Dungeon.
You were not hungry.
You had grown temporary horns.
You visited 1 branch of the dungeon, and saw 4 of its levels.

You collected 133 gold pieces.

Inventory:

Missiles
 a - 11 arrows
Jewellery
 i - a ring of protection from cold (left paw)
Wands
 o - a wand of paralysis (7)
 p - a wand of enslavement (5)
Scrolls
 d - 4 scrolls of identify {unknown}
 g - a scroll of random uselessness {unknown}
 h - a scroll of magic mapping {unknown}
 j - 2 scrolls of enchant armour {unknown}
 k - 2 scrolls of amnesia {unknown}
 l - 2 scrolls of remove curse
 m - a scroll of fear {unknown}
Potions
 b - 2 potions of haste {unknown}
 e - 2 potions of flight {unknown}
 f - a potion of ambrosia {unknown}
 n - 2 potions of curing {unknown}
 q - a potion of heal wounds {unknown}
Comestibles
 c - 4 rations


   Skills:
 + Level 1.1 Fighting
 + Level 3.5 Dodging
 + Level 1.8 Stealth
 + Level 4.1 Unarmed Combat
 + Level 2.5 Spellcasting
 + Level 2.8 Transmutations


You had one spell level left.
You knew the following spells:

 Your Spells              Type           Power        Failure   Level  Hunger
a - Beastly Appendage     Tmut           ##....       7%          1    #......
b - Sticks to Snakes      Tmut           ##......     10%         2    ###....
c - Spider Form           Tmut/Pois      #.........   34%         3    ###....

Your spell library contained the following spells:

 Spells                   Type           Power        Failure   Level  Hunger
 Ice Form                 Ice/Tmut       #.......     75%         4    #####..
 Blade Hands              Tmut           ##........   88%         5    ######.


Dungeon Overview and Level Annotations

Branches:
Dungeon (4/15)
 Temple: D:4-7

Altars:
Ashenzari


Innate Abilities, Weirdness & Mutations

You cannot wear armour.
You are incapable of wielding weapons or throwing items.
Your paws allow you to move quietly. (Stealth)
You have sharp claws.
You have razor-sharp teeth.
You have supernaturally acute eyesight. (SInv)
You are carnivorous and can eat meat at any time.
You cover ground quickly.
You are covered in fur. (AC +1)
You have a slow metabolism.
Your sharp claws are effective at attacking unaware monsters.
You have a pair of horns on your head.


Message History

A bullfrog comes into view.
Found 16 arrows, 19 gold pieces and a ration.
There is an escape hatch in the floor here.
You pounce on the unaware helpless sky beast!
You claw the sky beast!
The sky beast is heavily wounded.
The bullfrog croaks.
The sky beast completely misses you.
You claw the sky beast! Your bite misses the sky beast.
The sky beast is severely wounded.
The sky beast misses you.
Casting: Beastly Appendage (safe; 7% risk of failure)
Confirm with . or Enter, or press ? or * to list all spells.
You grow a pair of large bovine horns.
The sky beast hits you. The sky beast shocks you.
The quokka skeleton barely misses you.
You miss the sky beast. Your headbutt misses the sky beast.
The sky beast is severely wounded.
The bullfrog releases a deep croak.
The sky beast hits you. The sky beast shocks you.
You die...

#. .##.#####.# #.$...%
#. .##.# #.#
#.$.(..##.#.##.# #.#
#......+.... #.# #.#
#......##..###.# #.#
#......+.......# ###.#
#.....F###.#######...#
#.....Y#.............#
...o.$Z@...#######......
#####.Z#.#.# ###.###
####.#... #.# #.#..#.#
#.# .....# # #.# #.#...
#.# #.##... #.# #.# ...


You could see a sky beast, a bullfrog, an orc, an adder skeleton and a quokka
skeleton.

Vanquished Creatures
  An orc priest (D:4)
  4 adders
  A worm (D:2)
  A dart slug (D:1)
  3 giant cockroaches
  4 goblins
  2 hobgoblins
  A ball python (D:1)
  6 bats
  3 frilled lizards
  8 kobolds
  8 rats
42 creatures vanquished.

Notes
Turn   | Place    | Note
-------+----------+-------------------------------------------
     0 | D:1      | CaptainSheepy the Felid Transmuter began the quest for the
                  | Orb.
     0 | D:1      | Reached XP level 1. HP: 9/9 MP: 4/4
   272 | D:1      | Reached XP level 2. HP: 12/12 MP: 6/6
   728 | D:2      | Learned a level 2 spell: Sticks to Snakes
   930 | D:2      | Reached skill level 1 in Stealth
  1149 | D:2      | Reached XP level 3. HP: 15/15 MP: 7/7
  1582 | D:2      | Found a shattered altar of Ashenzari.
  1816 | D:3      | Learned a level 3 spell: Spider Form
  1866 | D:3      | Reached XP level 4. HP: 14/19 MP: 6/8
  2034 | D:4      | Reached skill level 4 in Unarmed Combat
  2037 | D:4      | Slain by an orc
  2038 | D:4      | Reached XP level 3. HP: -1/15 MP: 7/7
  2072 | D:4      | Noticed a sky beast
  2073 | D:4      | Noticed a bullfrog
  2078 | D:4      | Slain by a sky beast

Levels and vault maps discovered:
D:1:      scummos_arrival_simple_crosswalls, layout_loops_ring
D:2:      layout_basic, nicolae_overflow_hidden_temple
D:3:      layout_basic
D:4:      layout_basic, minmay_temple_entry_antechambers, first_ration

Skill      XL: |  1  2  3  4 |
---------------+-------------+-----
Dodging        | 3 |  3.5
Stealth        | 1 |  1.8
Unarmed Combat | 4 |  4.1
Fighting       | |  1.1
Spellcasting   | |  2.5
Transmutations | |  2.8

Action                   |  1- 3 |  4- 6 || total
-------------------------+-------+-------++-------
Melee: Unarmed           |   117 |    19 ||   136
       Headbutt          |     6 |     3 ||     9
       Bite              |     6 |       ||     6
       Punch             |     2 |       ||     2
 Cast: Beastly Appendage |    12 |     1 ||    13
       Sticks to Snakes  |     1 |       ||     1
  Use: Scroll            |       |     1 ||     1
 Stab: Sleeping          |     3 |       ||     3
  Eat: Chunk             |     2 |       ||     2
Armor: Skin              |    17 |     3 ||    20
Dodge: Dodged            |   133 |    21 ||   154

Table legend:
 A = Non-vault XP
 B = Vault XP
 C = Vault XP percentage of total XP
 D = Non-vault monster count
 E = Vault monster count
 F = Vault count percentage of total count
                 A         B        C        D         E       F
            +---------+---------+-------+---------+---------+-------
      Total |     155 |       0 |   0.0 |      42 |       0 |   0.0
            +---------+---------+-------+---------+---------+-------
        D:1 |      25 |       0 |   0.0 |      17 |       0 |   0.0
        D:2 |      64 |       0 |   0.0 |      16 |       0 |   0.0
        D:3 |      10 |       0 |   0.0 |       7 |       0 |   0.0
        D:4 |      56 |       0 |   0.0 |       2 |       0 |   0.0
            +---------+---------+-------+---------+---------+-------
